 Seeded DCSS version 0.29.1-15-g9cfb28693d (webtiles) character file.

Game seed: 9319893146637693751 (custom seed)

87 bmack86 the Shield-Bearer (level 4, -1/39 HPs)
             Began as a Minotaur Fighter on Apr 8, 2024.
             Slain by a gnoll
             ... wielding a +0 halberd
              (12 damage)
             ... on level 4 of the Dungeon.
             The game lasted 00:05:15 (3176 turns).

bmack86 the Shield-Bearer (Minotaur Fighter)        Turns: 3176, Time: 00:05:17

Health: -1/39      AC:  6    Str: 23    XL:     4   Next: 28%
Magic:  3/3        EV:  9    Int:  5    God:
Gold:   127        SH:  4    Dex:  9    Spells: 3/3 levels left

rFire   . . .      SeeInvis .   f - +12 war axe "Zyut" {vamp, rC+ Will- Stlth+}
rCold   + . .      Faith    .   c - +0 buckler
rNeg    . . .      Spirit   .   b - +0 scale mail
rPois   .          Reflect  .   (helmet restricted)
rElec   .          Harm     .   (no cloak)
rCorr   .          Rampage  .   (no gloves)
Will    .....                   (no boots)
Stlth   +.........              (no amulet)
HPRegen 0.13/turn               (no ring)
MPRegen 0.08/turn               (no ring)

@: no status effects
A: horns 2, retaliatory headbutt
a: no special abilities


You were on level 4 of the Dungeon.
You visited 1 branch of the dungeon, and saw 4 of its levels.

You collected 127 gold pieces.

Inventory:

Hand Weapons
 a - a +0 war axe
 f - the +12 war axe "Zyut" (weapon) {vamp, rC+ Will- Stlth+}
   (You acquired it on level 4 of the Dungeon)

   It occasionally heals its wielder for a portion of the damage dealt when it
   wounds a living foe.
   rC:        It protects you from cold.
   Will:      It decreases your willpower.
   Stlth:     It makes you more stealthy.
 z - a +0 broad axe
Missiles
 j - 3 poisoned darts (quivered)
 s - 6 boomerangs
Armour
 b - a +0 scale mail (worn)
 c - a +0 buckler (worn)
Wands
 v - a wand of polymorph (10)
Scrolls
 g - a scroll of poison {unknown}
 i - a scroll of brand weapon {unknown}
 l - a scroll of noise {unknown}
 n - 2 scrolls of identify {unknown}
 p - a scroll of amnesia {unknown}
 q - 2 scrolls of teleportation {unknown}
 r - a scroll of immolation {unknown}
 u - a scroll of butterflies {unknown}
 w - a scroll of magic mapping {unknown}
 x - a scroll of blinking {unknown}
 y - a scroll of torment {unknown}
Potions
 d - 4 potions of might
 e - 2 potions of brilliance {unknown}
 h - a potion of ambrosia {unknown}
 k - a potion of lignification {unknown}
 m - 2 potions of curing {unknown}
 o - 2 potions of mutation {unknown}
 t - a potion of heal wounds {unknown}


   Skills:
 - Level 3.6 Fighting
 + Level 4.4 Axes
 - Level 3.6 Armour
 - Level 5.0 Shields


You had 3 spell levels left.
You didn't know any spells.
Your spell library contained the following spells:

 Spells                   Type           Power      Damage    Failure   Level
 Sting                    Tmut/Pois      0%         1d3       86%         1
 Poisonous Vapours        Pois/Air       0%         N/A       95%         2
 Olgreb's Toxic Radiance  Pois           0%         N/A       100%        4


Dungeon Overview and Level Annotations

Branches:
Dungeon (4/15)
 Temple: D:4-7

Altars:

Annotations:
D:4 Natasha


Innate Abilities, Weirdness & Mutations

You have a pair of horns on your head.
You reflexively headbutt those who attack you in melee.


Message History

a +0 broad axe; a goblin skeleton
z - a +0 broad axe A kobold comes into view.
It is wielding a +0 dagger.
The kobold hits you but does no damage.
You slash the kobold!
You kill the kobold!
You see here a +0 dagger.
An endoplasm comes into view.
The endoplasm quivers.
A gnoll comes into view. It is wielding a +0 halberd.
Found 5 gold pieces.
The gnoll shouts!
A gnoll comes into view. It is wielding a +0 whip.
A gnoll comes into view. It is wielding a +0 spear.
A gnoll comes into view. It is wielding a +0 halberd.
Natasha and a scorpion come into view.
Natasha hisses angrily.
The gnoll shouts!
A ball python comes into view.
The ball python hisses angrily.
This is a scroll of acquirement!
Something appears at your feet!
You feel a sense of dread.
f - the +12 war axe "Zyut" (weapon)
{vamp, rC+ Will- Stlth+} You block the endoplasm's attack.
You slice the endoplasm!!
You kill the endoplasm!
The gnoll closely misses you.
The gnoll hits you from afar with a +0 halberd!
The gnoll hits you with a +0 halberd! The gnoll hits you but does no damage.
You slice the gnoll!!
You feel better.
You kill the gnoll!
You block the gnoll's attack. The gnoll barely misses you.
Natasha casts a spell.
You closely miss the gnoll. The gnoll hits you but does no damage.
The gnoll hits you with a +0 whip.
The gnoll hits you from afar with a +0 halberd.
The gnoll hits you with a +0 whip!
* * * LOW HITPOINT WARNING * * *
The gnoll hits you from afar with a +0 halberd!
You die...

............#.
............#
............# #
...........## ..
...........## ...
............# ....
##..........# s....
#..........######g.....
##..........#...@gS5....
).............####g.....
###........#### ...$.
##......## .... ########
... ##


You could see a scorpion, 3 gnolls, a crimson imp (summoned) and a ball python.

Vanquished Creatures
  A gnoll (D:4)
  An adder (D:4)
  2 worms
  3 orcs (D:3)
  8 endoplasms
  2 giant cockroaches
  7 goblins
  6 hobgoblins
  3 quokkas
  3 ball pythons
  6 bats
  4 frilled lizards
  5 kobolds
  5 rats
56 creatures vanquished.

Vanquished Creatures (others)
  13 plants (D:3)
13 creatures vanquished.

Grand Total: 69 creatures vanquished

Notes
Turn   | Place    | Note
-------+----------+-------------------------------------------
     0 | D:1      | bmack86 the Minotaur Fighter began the quest for the Orb.
     0 | D:1      | Reached XP level 1. HP: 19/19 MP: 0/0
    55 | D:1      | Reached skill level 4 in Shields
    59 | D:1      | Reached XP level 2. HP: 11/26 MP: 1/1
  1080 | D:2      | Reached XP level 3. HP: 31/31 MP: 2/2
  1617 | D:2      | Found a faded altar of an unknown god.
  2111 | D:3      | Reached skill level 5 in Shields
  2902 | D:4      | Reached XP level 4. HP: 17/39 MP: 3/3
  3167 | D:4      | Noticed Natasha
  3167 | D:4      | Noticed a scorpion
  3170 | D:4      | Identified a scroll of acquirement
  3170 | D:4      | Acquired the +12 war axe "Zyut" {vamp, rC+ Will- Stlth+}
  3176 | D:4      | Slain by a gnoll

Illustrated notes

Levels and vault maps discovered:
D:1:      evilmike_arrival_rings, layout_basic, interstate_on_off
D:2:      layout_loops_ring, ebering_ecumenical_altar_sacrificial,
          minmay_pentomino_o4
D:3:      wad_lake_hut, layout_basic, grunt_decor_mini_mirrors
D:4:      layout_rooms, kennysheep_mini_moat, nicolae_wooded_promenade,
          uniq_pikel, uniq_natasha

Skill      XL: |  1  2  3 |
---------------+----------+-----
Shields        | 4 5 |  5.0
Axes           | 3 4 |  4.4
Fighting       | |  3.6
Armour         | |  3.6

Action                   |  1- 3 |  4- 6 || total
-------------------------+-------+-------++-------
Melee: War axe           |   108 |     4 ||   112
       Headbutt          |    19 |       ||    19
  Use: Scroll            |       |     1 ||     1
Armor: Scale mail        |    45 |     3 ||    48
Dodge: Dodged            |    54 |     2 ||    56
Block: Buckler           |    31 |     2 ||    33
